 Dungeon Crawl Stone Soup version 0.18.1-50-g88ac8fd (webtiles) character file.

2116 magog001 the Shield-Bearer (level 9, -1/75 HPs)
             Began as a Minotaur Fighter on July 9, 2017.
             Slain by an orc warrior
             ... wielding a +0 war axe
              (14 damage)
             ... in a bailey.
             The game lasted 00:36:11 (6677 turns).

magog001 the Shield-Bearer (Minotaur Fighter)       Turns: 6677, Time: 00:36:12

Health: -1/75      AC: 15    Str: 28    XL:     9   Next: 8%
Magic:  8/8        EV: 10    Int:  5    God:
Gold:   173        SH: 15    Dex: 11    Spells: 0 memorised, 8 levels left

rFire  . . .     SeeInvis .     h - +0 mace (protect)
rCold  . . .     Gourm    .     b - +0 scale mail
rNeg   . . .     Faith    .     c - +1 shield
rPois  .         Spirit   .     (helmet restricted)
rElec  .         Dismiss  .     (no cloak)
rCorr  .         Reflect  .     (no gloves)
SustAt .         Harm     .     (no boots)
MR     .....     Rnd*Tele +     (no amulet)
Stlth  ..........               l - ring of flight
                                A - +3 ring of slaying

@: mighty, not resistant to hostile enchantments, extremely unstealthy
A: retaliatory headbutt, claws 1, hooves 1, horns 2, large bone plates 1,
screaming 1, teleportitis 1
a: Evoke Flight


You were in a bailey.
You were not hungry.

You visited 1 branch of the dungeon, and saw 7 of its levels.
You also visited: Bailey.

You collected 303 gold pieces.
You spent 130 gold pieces at shops.

Inventory:

Hand Weapons
 a - a +1 war axe
 h - a +0 mace of protection (weapon)
 n - a +1 dagger of electrocution
 r - a +0 hunting sling
Missiles
 g - 216 stones
 m - 49 sling bullets
 p - 40 tomahawks of returning (quivered)
 q - 11 poisoned needles
 D - 8 tomahawks
Armour
 b - a +0 scale mail (worn)
 c - a +1 shield (worn)
 j - the +6 scale mail of the Wishes {rF+ Int+3, unknown}
   (You found it on level 7 of the Dungeon)

   It affects your intelligence (+3).
   It protects you from fire.
Jewellery
 l - a ring of flight (right claw)
 A - a +3 ring of slaying (left claw)
 B - a +3 ring of strength {unknown}
Wands
 d - a wand of flame (23/48)
 t - a wand of flame (17/48)
 v - a wand of lightning (6/15)
 z - a wand of lightning (2/15)
Scrolls
 i - 5 scrolls of remove curse
 o - a scroll of enchant armour
 w - 3 scrolls of identify
 y - a scroll of blinking {unknown}
 C - a scroll of amnesia
Potions
 e - a potion of invisibility {unknown}
 s - a potion of curing
Comestibles
 f - 3 bread rations
 k - 2 beef jerkies
 x - 5 fruits


   Skills:
 * Level 6.3 Fighting
 * Level 5.8(6.1) Axes
 + Level 2.5(4.5) Maces & Flails
 * Level 4.0 Throwing
 * Level 7.5 Armour
 + Level 3.7 Dodging
 + Level 0.6 Stealth
 * Level 7.9 Shields
 + Level 0.3 Evocations


You had 8 spell levels left.
You didn't know any spells.

Dungeon Overview and Level Annotations

Branches:
Dungeon (7/15)             Temple (0/1) D:6

Altars:
Gozag
Pakellas
Qazlal

Shops:
D:4 !   D:5 [


Innate Abilities, Weirdness & Mutations

You reflexively headbutt those who attack you in melee.
You have a pair of horns on your head.
You have sharp fingernails.
You have large cloven feet.
You are partially covered in large bone plates (AC +2, SH +2).
You occasionally shout uncontrollably at your foes.
You are occasionally teleported next to monsters.


Message History

The orc knight roars a battlecry!
The orcs go into a battle-frenzy!
You block the orc knight's attack.
Items here: ))) [[[ † You hit the kobold.
Your kick misses the kobold.
The kobold is severely wounded.
The orc warrior hits you with a war axe!
* * * LOW HITPOINT WARNING * * *
The kobold hits you but does no damage. You block the orc warrior's attack.
You block the orc knight's attack.
Drink which item? (? for menu, Esc to quit)
You feel better. The kobold barely misses you. You furiously retaliate!
You headbutt the kobold!!
You kill the kobold!
The orc warrior closely misses you. You furiously retaliate!
You headbutt the orc warrior!
You kill the orc warrior!
Your Throwing skill increases to level 4!
The orc warrior hits you with a war axe!
You die...

##### #(![#
#...# #.gg #
##o######
#}..#goo#...#
#.....8g@(..#
#...#.go#...#
### ##g######
#.g. #...
#...
######+######
#....≈.≈....#
#'###≈.≈###'#


You could see an orc knight, 2 orc warriors, a gnoll, an orc, 2 hobgoblins and 3
goblins.

Vanquished Creatures
  Pikel (D:6)
  Sigmund (D:4)
  An orc warrior (Bailey)
  2 sky beasts (D:6)
  A black bear (D:7)
  2 ice beasts
  3 killer bees (D:6)
  A howler monkey (D:6)
  3 crimson imps
  A giant frog zombie (D:4)
  A hound (D:4)
  A jelly (D:6)
  2 orc wizards
  2 orc priests
  Natasha (thrice) (D:4)
  3 worker ants
  A hound skeleton (D:5)
  4 gnolls (D:2)
  8 adders
  A shadow imp (D:6)
  An ooze (D:5)
  A worm (D:2)
  A dart slug (D:4)
  5 giant geckos
  17 orcs
  10 bats
  5 giant cockroaches
  11 goblins
  12 hobgoblins
  15 jackals
  2 quokkas
  A ball python (D:1)
  2 giant newts
  22 kobolds
  A quokka skeleton (D:4)
  7 rats
155 creatures vanquished.

Vanquished Creatures (others)
  A shadow imp (D:6)
  A giant gecko (D:6)
2 creatures vanquished.

Grand Total: 157 creatures vanquished

Notes
Turn   | Place    | Note
--------------------------------------------------------------
     0 | D:1      | magog001 the Minotaur Fighter began the quest for the Orb.
     0 | D:1      | Reached XP level 1. HP: 19/19 MP: 0/0
   286 | D:1      | Reached XP level 2. HP: 24/27 MP: 1/1
   680 | D:1      | Reached XP level 3. HP: 33/33 MP: 2/2
  1414 | D:2      | Found a stormy altar of Qazlal.
  1452 | D:2      | Reached skill level 1 in Dodging
  1519 | D:2      | Reached XP level 4. HP: 36/41 MP: 3/3
  1573 | D:2      | Reached skill level 1 in Throwing
  2159 | D:3      | Reached XP level 5. HP: 47/47 MP: 4/4
  2639 | D:4      | Found Ykeun's Distillery.
  2670 | D:4      | Bought a potion of curing for 30 gold pieces
  2670 | D:4      | Bought 2 potions of curing for 60 gold pieces
  2670 | D:4      | Bought a potion of might for 40 gold pieces
  2890 | D:4      | Reached skill level 5 in Shields
  2980 | D:4      | Found an oddly glowing altar of Pakellas.
  3004 | D:4      | Noticed Natasha
  3020 | D:4      | Killed Natasha
  3109 | D:4      | Reached XP level 6. HP: 53/53 MP: 5/5
  3244 | D:4      | Noticed Sigmund
  3253 | D:4      | Killed Sigmund
  3253 | D:4      | Reached skill level 5 in Armour
  3465 | D:4      | Noticed Natasha
  3472 | D:4      | Killed Natasha
  3472 | D:4      | Reached skill level 5 in Fighting
  3589 | D:4      | Noticed Natasha
  3606 | D:4      | Killed Natasha
  3606 | D:4      | Reached XP level 7. HP: 24/61 MP: 6/6
  3945 | D:5      | Entered Level 5 of the Dungeon
  4028 | D:5      | Gained mutation: You are partially covered in thin metallic scales (AC +2). [potion of mutation]
  4028 | D:5      | Gained mutation: You expend magic power (3 MP) to strengthen your wands. [potion of mutation]
  4028 | D:5      | Gained mutation: Your skin changes colour to match your surroundings (Stealth). [potion of mutation]
  4029 | D:5      | Lost mutation: You are partially covered in thin metallic scales (AC +2). [potion of cure mutation]
  4029 | D:5      | Lost mutation: You expend magic power (3 MP) to strengthen your wands. [potion of cure mutation]
  4029 | D:5      | Lost mutation: Your skin changes colour to match your surroundings (Stealth). [potion of cure mutation]
  4180 | D:5      | Found Mukken's Armour Shoppe.
  4257 | D:5      | Found an opulent altar of Gozag.
  5344 | D:6      | Reached XP level 8. HP: 64/69 MP: 7/7
  5348 | D:6      | Gained mutation: You are resistant to hostile enchantments. [mutagenic meat]
  5349 | D:6      | Gained mutation: You have sharp fingernails. [mutagenic meat]
  5351 | D:6      | Gained mutation: Your muscles are strong. (Str +2) [mutagenic meat]
  5352 | D:6      | Gained mutation: You are occasionally teleported next to monsters. [mutagenic meat]
  5353 | D:6      | Lost mutation: Your muscles are strong. (Str +2) [mutagenic meat]
  5432 | D:6      | Reached skill level 5 in Axes
  5441 | D:6      | Reached skill level 1 in Maces & Flails
  5626 | D:6      | Lost mutation: You are resistant to hostile enchantments. [mutagenic meat]
  5627 | D:6      | Gained mutation: You occasionally shout uncontrollably at your foes. [mutagenic meat]
  5628 | D:6      | Gained mutation: You are partially covered in large bone plates (AC +2, SH +2). [mutagenic meat]
  5629 | D:6      | Gained mutation: You have large cloven feet. [mutagenic meat]
  5760 | D:6      | Found a staircase to the Ecumenical Temple.
  5761 | D:6      | Noticed Pikel
  5785 | D:6      | Killed Pikel
  6335 | D:7      | Got a translucent scale mail
  6345 | D:7      | Reached XP level 9. HP: 75/75 MP: 8/8
  6366 | D:7      | Found a flagged portal.
  6503 | Bailey   | Entered a bailey
  6667 | Bailey   | Noticed an orc knight
  6677 | Bailey   | Slain by an orc warrior

Skill      XL: |  1  2  3  4  5  6  7  8  9 |
---------------+----------------------------+-----
Fighting       | 4 5 6 |  6.3
Shields        | 4 5 6 7 |  7.9
Armour         | 4 5 6 7 |  7.5
Dodging        | 1 2 3 |  3.7
Axes           | 3 4 5 |  5.8
Throwing       | 1 2 3 4 |  4.0
Maces & Flails | 2 |  2.5
Stealth        | |  0.6
Evocations     | |  0.3

Action                   |  1- 3 |  4- 6 |  7- 9 || total
-------------------------+-------+-------+-------++-------
Melee: War axe           |   123 |   154 |    53 ||   330
       Headbutt          |    19 |    18 |    26 ||    63
       Mace              |       |       |   107 ||   107
       Kick              |       |       |    12 ||    12
Throw: Stone             |    15 |     4 |    14 ||    33
       Tomahawk          |       |       |    31 ||    31
 Abil: Evoke Flight      |       |       |     2 ||     2
Evoke: Wand              |       |       |     1 ||     1
  Use: Scroll            |       |     8 |     8 ||    16
       Potion            |       |     7 |     8 ||    15
  Eat: Chunk             |     2 |     7 |    16 ||    25
       Beef jerky        |       |       |     1 ||     1
       Meat ration       |       |       |     1 ||     1
Armor: Scale mail        |    83 |    62 |    83 ||   228
Dodge: Dodged            |    50 |    53 |    74 ||   177
Block: Shield            |    90 |   115 |   156 ||   361
